cohdb
Replays
Latest Replays
All Replays
Popular Replays
Top Player Replays
Match Explorer
How It Works
Community
CoH3 Stats
Reddit
Sign in to upload your games and track your stats! →
Sign in with Steam
Match 48513903
Unlisted
Match 48513903
Overview
Messages
Build Orders
End
Construct Infanterie Kompanie
Selects Terror Battlegroup
Selects Machine Gun Camouflage
Pioneer Squad
MG 42 Machine Gun Team
MG 42 Machine Gun Team
MG 42 Machine Gun Team
Construct Panzergrenadier Kompanie
251 Medium Carrier
Grenadier Squad
Panzergrenadier Squad
Pak 40 Anti-tank Gun Team
Panzergrenadier Squad
Panzergrenadier Officer Quarters
Medical Station
Construct Panzer Kompanie
Pak 40 Anti-tank Gun Team
Selects Defend the Fatherland
Angrybirds
Ark Royal
Relicaa
Force Concentration Zulu
0
0
Comments
sign in to comment!
No comments posted yet!